| TOP OF THE 1ST |
|
Williston Water Wolves batting - Pitching for Ogden Spikes : RHP Richard Saavedra
|
|
Pitching: RHP Richard Saavedra
|
|
|
Batting: RHB Gil Marquez
|
0-0: Swinging Strike 0-1: Ball 1-1: Ball 2-1: Swinging Strike 2-2: Foul Ball, location: 2F 2-2: Foul Ball, location: 2F 2-2: Ground out U3 (Groundball, 3, EV 80.6 MPH)
|
|
Batting: LHB John Turner
|
0-0: Foul Ball, location: 2F 0-1: Swinging Strike 0-2: Fly out, F7 (Flyball, 78D, EV 98.1 MPH)
|
|
Batting: RHB Pat Borders
|
0-0: Fly out, F8 (Flyball, 8LM, EV 93.8 MPH)
|
| Top of the 1st over - 0 runs, 0 hits, 0 errors, 0 left on base; Williston 0 - Ogden 0 |
| BOTTOM OF THE 1ST |
|
Ogden Spikes batting - Pitching for Williston Water Wolves : LHP Richard Whaley
|
|
Pitching: LHP Richard Whaley
|
|
|
Batting: RHB Ken Jackson
|
0-0: Foul Ball, location: 2F 0-1: Foul Ball, location: 2F 0-2: Ball 1-2: Ground out 6-3 (Groundball, P, EV 81.9 MPH)
|
|
Batting: LHB Everett Graham
|
0-0: Foul Ball, location: 2F 0-1: Swinging Strike 0-2: Strikes out looking
|
|
Batting: RHB Jacob Brumfield
|
0-0: Ball 1-0: Ball 2-0: Swinging Strike 2-1: Foul Ball, location: 2F 2-2: Strikes out swinging
|
| Bottom of the 1st over - 0 runs, 0 hits, 0 errors, 0 left on base; Williston 0 - Ogden 0 |
| TOP OF THE 2ND |
|
Williston Water Wolves batting - Pitching for Ogden Spikes : RHP Richard Saavedra
|
|
Batting: RHB Tom Pagnozzi
|
0-0: Ball 1-0: Ball 2-0: Called Strike 2-1: Foul Ball, location: 2F 2-2: Foul Ball, location: 2F 2-2: Fly out, F8 (Flyball, 8RS, EV 96.3 MPH)
|
|
Batting: SHB Devon White
|
0-0: Ground out U3 (Groundball, 3, EV 78.8 MPH)
|
|
Batting: RHB Jim Vest
|
0-0: Fly out, F8 (Flyball, 78D, EV 95.6 MPH)
|
| Top of the 2nd over - 0 runs, 0 hits, 0 errors, 0 left on base; Williston 0 - Ogden 0 |
| BOTTOM OF THE 2ND |
|
Ogden Spikes batting - Pitching for Williston Water Wolves : LHP Richard Whaley
|
|
Batting: RHB Jeffrey Smith
|
0-0: Ground out 4-3 (Groundball, 4, EV 85.0 MPH)
|
|
Batting: LHB Dave Vetsch
|
0-0: Ball 1-0: Fly out, F7 (Flyball, 7D, EV 99.4 MPH)
|
|
Batting: LHB Sam Nattile
|
0-0: Called Strike 0-1: SOLO HOME RUN (Flyball, 89XD, EV 109.4 MPH), Distance : 434 ft
|
|
Batting: LHB Lenny Harris
|
0-0: Ground out 3-1 (Groundball, 34, EV 105.0 MPH)
|
| Bottom of the 2nd over - 1 run, 1 hit, 0 errors, 0 left on base; Williston 0 - Ogden 1 |
| TOP OF THE 3RD |
|
Williston Water Wolves batting - Pitching for Ogden Spikes : RHP Richard Saavedra
|
|
Batting: RHB Robby Thompson
|
0-0: Foul Ball, location: 2F 0-1: Called Strike 0-2: Ball 1-2: Ball 2-2: Foul Ball, location: 2F 2-2: Ball 3-2: DOUBLE (Flyball, 8RXD, EV 104.4 MPH)
|
|
Batting: SHB Charles Bertucio
|
0-0: Ground out 4-3 (Groundball, 4, EV 105.0 MPH) Robby Thompson to third
|
|
Batting: RHB Mark Kaeterle
|
0-0: SINGLE (Line Drive, 9S, EV 103.1 MPH) Robby Thompson scores
|
|
Batting: RHB Gil Marquez
|
0-0: Ball 1-0: Called Strike 1-1: Foul Ball, location: 2F 1-2: Ball 2-2: SINGLE (Flyball, 6D, EV 89.4 MPH) Mark Kaeterle to second
|
|
Batting: LHB John Turner
|
0-0: Ball 1-0: Ball 2-0: Ball 3-0: Base on Balls Mark Kaeterle to third Gil Marquez to second
|
|
Batting: RHB Pat Borders
|
0-0: SINGLE (Flyball, 8RS, EV 89.4 MPH) Mark Kaeterle scores Gil Marquez to third John Turner to second Runner from 3rd tries for Home, SAFE, throw by CF to home
|
|
Batting: RHB Tom Pagnozzi
|
0-0: Fly out, F8 (Flyball, 8LM, EV 86.9 MPH)
|
|
Batting: SHB Devon White
|
0-0: Fly out, F8 (Flyball, 78M, EV 96.3 MPH)
|
| Top of the 3rd over - 3 runs, 4 hits, 0 errors, 2 left on base; Williston 3 - Ogden 1 |
| BOTTOM OF THE 3RD |
|
Ogden Spikes batting - Pitching for Williston Water Wolves : LHP Richard Whaley
|
|
Batting: RHB Wilfredo Tejada
|
0-0: Swinging Strike 0-1: Fly out, F8 (Flyball, 8RD, EV 89.4 MPH)
|
|
Batting: SHB Mark Lemke
|
0-0: Foul Ball, location: 2F 0-1: Ball 1-1: Called Strike 1-2: Foul Ball, location: 2F 1-2: Ground out 6-3 (Groundball, 6, EV 79.4 MPH)
|
|
Batting: RHB Ken Jackson
|
0-0: Ball 1-0: Swinging Strike 1-1: Called Strike 1-2: Ball 2-2: Ball 3-2: Base on Balls
|
|
Batting: LHB Everett Graham
|
0-0: Foul Ball, location: 2F 0-1: Called Strike 0-2: Ball 1-2: Ball 2-2: Foul Ball, location: 2F 2-2: Ball 3-2: Foul Ball, location: 2F 3-2: Foul Ball, location: 2F 3-2: SINGLE (Groundball, P, EV 88.1 MPH) (infield hit) Ken Jackson to second
|
|
Batting: RHB Jacob Brumfield
|
0-0: Called Strike 0-1: Ball 1-1: Swinging Strike 1-2: Fielders Choice at 2nd, 6-4 (Groundball, 6, EV 94.4 MPH)
|
| Bottom of the 3rd over - 0 runs, 1 hit, 0 errors, 2 left on base; Williston 3 - Ogden 1 |
| TOP OF THE 4TH |
|
Williston Water Wolves batting - Pitching for Ogden Spikes : RHP Richard Saavedra
|
|
Batting: RHB Jim Vest
|
0-0: Ground out 5-3 (Groundball, 56S, EV 86.3 MPH)
|
|
Batting: RHB Robby Thompson
|
0-0: Swinging Strike 0-1: Ball 1-1: TRIPLE (Line Drive, 8LD, EV 110.6 MPH)
|
|
Batting: SHB Charles Bertucio
|
0-0: Ball 1-0: Ground out 6-3 (Groundball, 6, EV 96.3 MPH) Robby Thompson scores
|
|
Batting: RHB Mark Kaeterle
|
0-0: Ground out 4-3 (Groundball, 34, EV 101.9 MPH)
|
| Top of the 4th over - 1 run, 1 hit, 0 errors, 0 left on base; Williston 4 - Ogden 1 |
| BOTTOM OF THE 4TH |
|
Ogden Spikes batting - Pitching for Williston Water Wolves : LHP Richard Whaley
|
|
Batting: RHB Jeffrey Smith
|
0-0: Called Strike 0-1: Ball 1-1: Ground out 4-3 (Groundball, 4S, EV 66.9 MPH)
|
|
Batting: LHB Dave Vetsch
|
0-0: Called Strike 0-1: Ball 1-1: Called Strike 1-2: Strikes out swinging
|
|
Batting: LHB Sam Nattile
|
0-0: Called Strike 0-1: SINGLE (Line Drive, 34D, EV 98.8 MPH)
|
|
Batting: LHB Lenny Harris
|
0-0: Ball 1-0: Swinging Strike 1-1: Called Strike 1-2: Fly out, F4 (Popup, 4, EV 51.3 MPH)
|
| Bottom of the 4th over - 0 runs, 1 hit, 0 errors, 1 left on base; Williston 4 - Ogden 1 |
| TOP OF THE 5TH |
|
Williston Water Wolves batting - Pitching for Ogden Spikes : RHP Richard Saavedra
|
|
Batting: RHB Gil Marquez
|
0-0: Ball 1-0: Foul Ball, location: 2F 1-1: Called Strike 1-2: Foul Ball, location: 2F 1-2: Foul Ball, location: 2F 1-2: Ground out 4-3 (Groundball, 4, EV 95.0 MPH)
|
|
Batting: LHB John Turner
|
0-0: Called Strike 0-1: Ball 1-1: Fly out, F8 (Flyball, 8RM, EV 85.0 MPH)
|
|
Batting: RHB Pat Borders
|
0-0: Ball 1-0: Ball 2-0: Swinging Strike 2-1: Fly out, F9 (Flyball, 9D, EV 105.0 MPH)
|
| Top of the 5th over - 0 runs, 0 hits, 0 errors, 0 left on base; Williston 4 - Ogden 1 |
| BOTTOM OF THE 5TH |
|
Ogden Spikes batting - Pitching for Williston Water Wolves : LHP Richard Whaley
|
|
Batting: RHB Wilfredo Tejada
|
0-0: Called Strike 0-1: Foul Ball, location: 2F 0-2: DOUBLE (Line Drive, 7LM, EV 106.9 MPH)
|
|
Batting: SHB Mark Lemke
|
0-0: Called Strike 0-1: Ball 1-1: Ball 2-1: Foul Ball, location: 2F 2-2: Ground out 6-3 (Groundball, 56D, EV 80.6 MPH)
|
|
Batting: RHB Ken Jackson
|
0-0: Foul Ball, location: 2F 0-1: Ball 1-1: Ball 2-1: Fly out, F9 (Flyball, 89M, EV 88.1 MPH)
|
|
Batting: LHB Everett Graham
|
0-0: Ball 1-0: Called Strike 1-1: Ground out 6-3 (Groundball, 6M, EV 102.5 MPH)
|
| Bottom of the 5th over - 0 runs, 1 hit, 0 errors, 1 left on base; Williston 4 - Ogden 1 |
| TOP OF THE 6TH |
|
Williston Water Wolves batting - Pitching for Ogden Spikes : RHP Richard Saavedra
|
|
Batting: RHB Tom Pagnozzi
|
0-0: Ball 1-0: Called Strike 1-1: DOUBLE (Line Drive, 78D, EV 105.0 MPH)
|
|
Batting: SHB Devon White
|
0-0: Fly out, F8 (Flyball, 8LXD, EV 91.9 MPH) Runner from 2nd tags up, SAFE at 3rd, no throw by CF
|
|
Batting: RHB Jim Vest
|
0-0: Called Strike 0-1: Called Strike 0-2: Strikes out swinging
|
|
Batting: RHB Robby Thompson
|
0-0: Ball 1-0: Foul Ball, location: 2F 1-1: Ball 2-1: Ball 3-1: Base on Balls
|
|
Batting: SHB Charles Bertucio
|
0-0: Called Strike 0-1: Ball 1-1: Ball 2-1: Ball 3-1: Foul Ball, location: 2F 3-2: TRIPLE (Flyball, 8LXD, EV 108.1 MPH) Tom Pagnozzi scores Robby Thompson scores
|
|
Batting: RHB Mark Kaeterle
|
0-0: Ball 1-0: Foul Ball, location: 2F 1-1: Swinging Strike 1-2: Fly out, F9 (Flyball, 9LD, EV 88.1 MPH)
|
| Top of the 6th over - 2 runs, 2 hits, 0 errors, 1 left on base; Williston 6 - Ogden 1 |
| BOTTOM OF THE 6TH |
|
Ogden Spikes batting - Pitching for Williston Water Wolves : LHP Richard Whaley
|
|
Batting: RHB Jacob Brumfield
|
0-0: Ball 1-0: Called Strike 1-1: Foul Ball, location: 2F 1-2: Foul Ball, location: 2F 1-2: SINGLE (Line Drive, 7LS, EV 93.8 MPH)
|
|
Batting: RHB Jeffrey Smith
|
0-0: Ball 1-0: Fly out, F3 (Popup, 3S, EV 76.9 MPH)
|
|
Batting: LHB Dave Vetsch
|
0-0: Ball Jacob Brumfield steals 2nd base (no throw) 1-0: Fly out, F5 (Popup, 56S, EV 82.5 MPH)
|
|
Batting: LHB Sam Nattile
|
0-0: SINGLE (Groundball, 4MD, EV 103.1 MPH) Jacob Brumfield to third Runner from 3rd tries for Home, SAFE, throw by CF to home
|
|
Batting: LHB Lenny Harris
|
0-0: Ball 1-0: SINGLE (Line Drive, 34D, EV 108.1 MPH) Sam Nattile to second
|
|
Batting: RHB Wilfredo Tejada
|
0-0: DOUBLE (Flyball, 8RD, EV 98.8 MPH) Sam Nattile scores Lenny Harris to third Runner from 3rd tries for Home, SAFE, throw by CF to home
|
|
Batting: SHB Mark Lemke
|
0-0: Called Strike 0-1: Foul Ball, location: 2F 0-2: Ball 1-2: Ground out 6-3 (Groundball, 6, EV 113.1 MPH)
|
| Bottom of the 6th over - 3 runs, 4 hits, 0 errors, 1 left on base; Williston 6 - Ogden 4 |
| TOP OF THE 7TH |
|
Williston Water Wolves batting - Pitching for Ogden Spikes : RHP Richard Saavedra
|
|
Batting: RHB Gil Marquez
|
0-0: Ball 1-0: Ball 2-0: SINGLE (Line Drive, 56D, EV 95.0 MPH)
|
|
Batting: LHB John Turner
|
0-0: Called Strike Gil Marquez is caught stealing 2nd base 2-6 0-1: Ball 1-1: Foul Ball, location: 2F 1-2: Ground out 5-3 (Groundball, 5, EV 92.5 MPH)
|
|
Batting: RHB Pat Borders
|
0-0: Called Strike 0-1: Foul Ball, location: 2F 0-2: Ball 1-2: SINGLE (Groundball, 4MD, EV 95.0 MPH)
|
|
Batting: RHB Tom Pagnozzi
|
0-0: Called Strike 0-1: Ball 1-1: Ball 2-1: Called Strike 2-2: Fielders Choice at 2nd, 6-4 (Groundball, 6, EV 83.1 MPH)
|
| Top of the 7th over - 0 runs, 2 hits, 0 errors, 1 left on base; Williston 6 - Ogden 4 |
| BOTTOM OF THE 7TH |
|
Ogden Spikes batting - Pitching for Williston Water Wolves : LHP Richard Whaley
|
|
Batting: RHB Ken Jackson
|
0-0: Called Strike 0-1: Ball 1-1: Ball 2-1: Ground out 3-1 (Groundball, 34S, EV 83.1 MPH)
|
|
Batting: LHB Everett Graham
|
0-0: Ball 1-0: Ball 2-0: Ball 3-0: Called Strike 3-1: Foul Ball, location: 2F 3-2: Fly out, F9 (Flyball, 9, EV 96.3 MPH)
|
|
Batting: RHB Jacob Brumfield
|
0-0: Ball 1-0: Ball 2-0: Called Strike 2-1: SINGLE (Line Drive, 34D, EV 95.6 MPH)
|
|
Batting: RHB Jeffrey Smith
|
0-0: Ball 1-0: SINGLE (Groundball, 4M, EV 81.9 MPH) (infield hit) Jacob Brumfield to second
|
|
Pinch Hitting: RHB Chuck Lynn
|
0-0: Called Strike 0-1: Ball 1-1: Called Strike 1-2: Ground out 3-1 (Groundball, 34, EV 88.1 MPH)
|
| Bottom of the 7th over - 0 runs, 2 hits, 0 errors, 2 left on base; Williston 6 - Ogden 4 |
| TOP OF THE 8TH |
|
Williston Water Wolves batting - Pitching for Ogden Spikes : RHP Richard Saavedra
|
|
Now at 1B: Chuck Lynn
|
|
|
Batting: SHB Devon White
|
0-0: Ball 1-0: Ground out 3-1 (Groundball, 34S, EV 88.1 MPH)
|
|
Batting: RHB Jim Vest
|
0-0: Ball 1-0: Ball 2-0: SINGLE (Line Drive, 4D, EV 99.4 MPH)
|
|
Batting: RHB Robby Thompson
|
0-0: Ball 1-0: Called Strike 1-1: Grounds into double play, 4-6-3 (Groundball, 4, EV 86.9 MPH)
|
| Top of the 8th over - 0 runs, 1 hit, 0 errors, 0 left on base; Williston 6 - Ogden 4 |
| BOTTOM OF THE 8TH |
|
Ogden Spikes batting - Pitching for Williston Water Wolves : LHP Richard Whaley
|
|
Batting: LHB Sam Nattile
|
0-0: Called Strike 0-1: Fly out, F8 (Flyball, 8RD, EV 95.0 MPH)
|
|
Batting: LHB Lenny Harris
|
0-0: Ball 1-0: SINGLE (Groundball, 4MS, EV 66.3 MPH) (infield hit)
|
|
Batting: RHB Wilfredo Tejada
|
0-0: Called Strike 0-1: Called Strike 0-2: Strikes out swinging
|
|
Batting: SHB Mark Lemke
|
0-0: Swinging Strike 0-1: Ground out 1-3 (Groundball, P, EV 74.4 MPH)
|
| Bottom of the 8th over - 0 runs, 1 hit, 0 errors, 1 left on base; Williston 6 - Ogden 4 |
| TOP OF THE 9TH |
|
Williston Water Wolves batting - Pitching for Ogden Spikes : RHP Richard Saavedra
|
|
Batting: SHB Charles Bertucio
|
0-0: Ball 1-0: Called Strike 1-1: SINGLE (Flyball, 9LS, EV 95.0 MPH)
|
|
Batting: RHB Mark Kaeterle
|
0-0: Called Strike 0-1: Called Strike 0-2: Foul Ball, location: 2F 0-2: Ball 1-2: Foul Ball, location: 2F 1-2: Ball 2-2: SINGLE (Groundball, 6D, EV 94.4 MPH) Charles Bertucio to second
|
|
Pitching: RHP Douglas Barba
|
|
|
Batting: RHB Gil Marquez
|
0-0: Called Strike 0-1: Ball 1-1: Foul Ball, location: 2F 1-2: Fielders Choice at 2nd, 1-6 (Groundball, 23, EV 73.1 MPH) Charles Bertucio to third
|
|
Batting: LHB John Turner
|
0-0: Swinging Strike 0-1: Called Strike 0-2: Fly out, F7 (Flyball, 7, EV 95.6 MPH) Runner from 3rd tags up, OUT at HOME! 7-2
|
| Top of the 9th over - 0 runs, 2 hits, 0 errors, 1 left on base; Williston 6 - Ogden 4 |
| BOTTOM OF THE 9TH |
|
Ogden Spikes batting - Pitching for Williston Water Wolves : LHP Richard Whaley
|
|
Pitching: RHP Jeff Montgomery
|
|
|
Now at 3B: Gary Clevenger
|
|
|
Batting: RHB Ken Jackson
|
0-0: DOUBLE (Groundball, 3L, EV 96.3 MPH)
|
|
Batting: LHB Everett Graham
|
0-0: Ball 1-0: Foul Ball, location: 2F 1-1: Foul Ball, location: 2F 1-2: Foul Ball, location: 2F 1-2: Ball 2-2: Ball 3-2: TRIPLE (Flyball, 89XD, EV 103.1 MPH) Ken Jackson scores
|
|
Batting: RHB Jacob Brumfield
|
0-0: Ball 1-0: Swinging Strike 1-1: Ball 2-1: Foul Ball, location: 2F 2-2: Strikes out swinging
|
|
Pinch Hitting: LHB Roberto Casasnovas
|
0-0: Ball 1-0: Ball 2-0: Ball 3-0: Called Strike 3-1: Base on Balls
|
|
Pinch Hitting: LHB Marvin Parker
|
0-0: Ball 1-0: Foul Ball, location: 2F 1-1: Ball 2-1: Ball 3-1: Foul Ball, location: 2F 3-2: Base on Balls Roberto Casasnovas to second
|
|
Batting: LHB Sam Nattile
|
0-0: Grounds into fielders choice 6-2 (Groundball, 6, EV 102.5 MPH) Roberto Casasnovas to third Marvin Parker to second
|
|
Batting: LHB Lenny Harris
|
0-0: Ball 1-0: Ball 2-0: Called Strike 2-1: Ball 3-1: Fielders Choice at 2nd, 5-4 (Groundball, 5, EV 86.3 MPH)
|
| Bottom of the 9th over - 1 run, 2 hits, 0 errors, 3 left on base; Williston 6 - Ogden 5 |
|